3A
ALAMEDA AIRMEN @ GRIM REAPERS
05/07/2034
 
TOP OF THE 1ST
Alameda Airmen batting - Pitching for Grim Reapers : LHP Allen Werner
Pitching: LHP Allen Werner
Batting: RHB Bob Smelcer 0-0: Ball
1-0: Called Strike
1-1: Ball
2-1: Called Strike
2-2: Foul Ball, location: 2F
2-2: Foul Ball, location: 2F
2-2: Ground out 6-3 (Groundball, 6M)
Batting: RHB Marcos Avilés 0-0: Foul Ball, location: 2F
0-1: Fly out, F9 (Flyball, 9S)
Batting: RHB Gang Jing 0-0: Fly out, F9 (Flyball, 89S)
Top of the 1st over - 0 runs, 0 hits, 0 errors, 0 left on base; Alameda 0 - Grim 0
BOTTOM OF THE 1ST
Grim Reapers batting - Pitching for Alameda Airmen : LHP Mark Garrett
Pitching: LHP Mark Garrett
Batting: RHB Nelson Ross 0-0: Called Strike
0-1: Called Strike
0-2: Ball
1-2: Ball
2-2: Ball
3-2: DOUBLE (Line Drive, 7LD)
Batting: RHB Brandon Palmer 0-0: Ball
1-0: SINGLE (Line Drive, 8LS)
Nelson Ross to third
Batting: RHB Bearooz Yacoobi 0-0: Called Strike
0-1: Called Strike
0-2: Fly out, F7 (Flyball, 7LSF)
Runner from 3rd tags up, SCORES, no throw
Batting: LHB Semo Hoaloha 0-0: SINGLE (Groundball, 3D)
Brandon Palmer to second
Runner from 2nd tries for 3rd, OUT!
Batting: RHB Scott Pearson 0-0: Ball
1-0: Foul Ball, location: 2F
1-1: DOUBLE (Groundball, 5L)
Semo Hoaloha to third
Runner from 3rd tries for Home, SAFE, no throw
Batting: RHB Marvin Strickland 0-0: Ball
1-0: Ball
2-0: Swinging Strike
2-1: Ball
3-1: Base on Balls
Batting: RHB Jaxton Goleta 0-0: Ball
1-0: SINGLE (Groundball, 6D)
Scott Pearson to third
Marvin Strickland to second
Runner from 3rd tries for Home, SAFE, no throw
Batting: RHB Chi-eun Mun 0-0: Fly out, F8 (Flyball, 8LS)
Bottom of the 1st over - 3 runs, 5 hits, 0 errors, 2 left on base; Alameda 0 - Grim 3
TOP OF THE 2ND
Alameda Airmen batting - Pitching for Grim Reapers : LHP Allen Werner
Batting: LHB Héctor Velázquez 0-0: Called Strike
0-1: Ball
1-1: Foul Ball, location: 2F
1-2: Foul Ball, location: 2F
1-2: Ball
2-2: Foul Ball, location: 2F
2-2: Strikes out swinging
Batting: SHB Cecil Nelson 0-0: Ball
1-0: Called Strike
1-1: Ball
2-1: Called Strike
2-2: Fly out, F7 (Flyball, 7)
Batting: RHB Reynaldo Torres 0-0: Ball
1-0: SOLO HOME RUN (Flyball, 9LD), Distance : 352 ft
Batting: RHB Jim McMahon 0-0: Fly out, F8 (Flyball, 78M)
Top of the 2nd over - 1 run, 1 hit, 0 errors, 0 left on base; Alameda 1 - Grim 3
BOTTOM OF THE 2ND
Grim Reapers batting - Pitching for Alameda Airmen : LHP Mark Garrett
Batting: RHB Joe Rodgers 0-0: Foul Ball, location: 2F
0-1: Ball
1-1: Foul Ball, location: 2F
1-2: Strikes out swinging
Batting: RHB Nelson Ross 0-0: Ball
1-0: Called Strike
1-1: Foul Ball, location: 2F
1-2: Strikes out swinging
Batting: RHB Brandon Palmer 0-0: Ball
1-0: Called Strike
1-1: Ball
2-1: Ground out 6-3 (Groundball, 6)
Bottom of the 2nd over - 0 runs, 0 hits, 0 errors, 0 left on base; Alameda 1 - Grim 3
TOP OF THE 3RD
Alameda Airmen batting - Pitching for Grim Reapers : LHP Allen Werner
Batting: SHB Zack Murphy 0-0: Ball
1-0: Ball
2-0: Foul Ball, location: 2F
2-1: Fly out, F9 (Flyball, 9S)
Batting: RHB Pablo Pagán 0-0: Called Strike
0-1: Called Strike
0-2: Foul Ball, location: 2F
0-2: Ball
1-2: Strikes out looking
Batting: RHB Bob Smelcer 0-0: Swinging Strike
0-1: Called Strike
0-2: Ball
1-2: Foul Ball, location: 2F
1-2: Ball
2-2: Ground out 6-3 (Groundball, 6)
Top of the 3rd over - 0 runs, 0 hits, 0 errors, 0 left on base; Alameda 1 - Grim 3
BOTTOM OF THE 3RD
Grim Reapers batting - Pitching for Alameda Airmen : LHP Mark Garrett
Batting: RHB Bearooz Yacoobi 0-0: Foul Ball, location: 2F
0-1: Ball
1-1: SINGLE (Line Drive, 56)
Batting: LHB Semo Hoaloha 0-0: SINGLE (Flyball, 89M)
Bearooz Yacoobi to second
Batting: RHB Scott Pearson 0-0: Ball
1-0: Ball
2-0: Ball
3-0: Base on Balls
Bearooz Yacoobi to third
Semo Hoaloha to second
Batting: RHB Marvin Strickland 0-0: Ball
1-0: Ball
2-0: Ball
3-0: Base on Balls
Bearooz Yacoobi scores
Semo Hoaloha to third
Scott Pearson to second
Batting: RHB Jaxton Goleta 0-0: Ball
1-0: SINGLE (Groundball, 34D)
Semo Hoaloha scores
Scott Pearson to third
Marvin Strickland to second
Batting: RHB Chi-eun Mun 0-0: Ball
1-0: Ground out 5-3 (Groundball, 25)
Scott Pearson scores
Marvin Strickland to third
Jaxton Goleta to second
Batting: RHB Joe Rodgers 0-0: Called Strike
0-1: Ground out 4-3 (Groundball, 4)
Marvin Strickland scores
Jaxton Goleta to third
Batting: RHB Nelson Ross 0-0: Ball
1-0: Foul Ball, location: 2F
1-1: Foul Ball, location: 2F
1-2: Strikes out swinging
Bottom of the 3rd over - 4 runs, 3 hits, 0 errors, 1 left on base; Alameda 1 - Grim 7
TOP OF THE 4TH
Alameda Airmen batting - Pitching for Grim Reapers : LHP Allen Werner
Batting: RHB Marcos Avilés 0-0: Ball
1-0: Foul Ball, location: 2F
1-1: Ball
2-1: Foul Ball, location: 2F
2-2: Strikes out swinging
Batting: RHB Gang Jing 0-0: Called Strike
0-1: DOUBLE (Line Drive, 7LS)
Batting: LHB Héctor Velázquez 0-0: Called Strike
0-1: Ball
1-1: Ball
2-1: Foul Ball, location: 2F
2-2: TRIPLE (Line Drive, 8RXD)
Gang Jing scores
Batting: SHB Cecil Nelson 0-0: Called Strike
0-1: Foul Ball, location: 2F
0-2: Strikes out swinging
Batting: RHB Reynaldo Torres 0-0: DOUBLE (Line Drive, 7LD)
Héctor Velázquez scores
Batting: RHB Jim McMahon 0-0: Ball
1-0: Swinging Strike
1-1: Foul Ball, location: 2F
1-2: Foul Ball, location: 2F
1-2: Ball
2-2: Strikes out looking
Top of the 4th over - 2 runs, 3 hits, 0 errors, 1 left on base; Alameda 3 - Grim 7
BOTTOM OF THE 4TH
Grim Reapers batting - Pitching for Alameda Airmen : LHP Mark Garrett
Batting: RHB Brandon Palmer 0-0: Swinging Strike
0-1: Swinging Strike
0-2: Ball
1-2: Foul Ball, location: 2F
1-2: Ball
2-2: Foul Ball, location: 2F
2-2: Ball
3-2: Ground out 6-3 (Groundball, 6)
Batting: RHB Bearooz Yacoobi 0-0: Called Strike
0-1: Swinging Strike
0-2: Hit by Pitch
Batting: LHB Semo Hoaloha 0-0: Foul Ball, location: 2F
0-1: Foul Ball, location: 2F
0-2: Strikes out looking
Batting: RHB Scott Pearson 0-0: Ball
1-0: Ball
2-0: SINGLE (Line Drive, 9S)
Bearooz Yacoobi to second
Batting: RHB Marvin Strickland 0-0: Foul Ball, location: 2F
0-1: Ball
1-1: SINGLE (Line Drive, 4M)
Bearooz Yacoobi to third
Scott Pearson to second
Runner from 3rd tries for Home, SAFE, no throw
Pitching: LHP Jorge González
Batting: RHB Jaxton Goleta 0-0: Foul Ball, location: 2F
0-1: Ball
1-1: Ball
2-1: Fly out, F9 (Flyball, 9D)
Bottom of the 4th over - 1 run, 2 hits, 0 errors, 2 left on base; Alameda 3 - Grim 8
TOP OF THE 5TH
Alameda Airmen batting - Pitching for Grim Reapers : LHP Allen Werner
Batting: SHB Zack Murphy 0-0: Called Strike
0-1: Ground out 4-3 (Groundball, 6M)
Batting: RHB Pablo Pagán 0-0: Ball
1-0: Ground out 6-3 (Groundball, 6)
Batting: RHB Bob Smelcer 0-0: Ball
1-0: Ground out 6-3 (Groundball, 6)
Top of the 5th over - 0 runs, 0 hits, 0 errors, 0 left on base; Alameda 3 - Grim 8
BOTTOM OF THE 5TH
Grim Reapers batting - Pitching for Alameda Airmen : LHP Jorge González
Batting: RHB Chi-eun Mun 0-0: Swinging Strike
0-1: Ball
1-1: Ground out 4-3 (Groundball, 4)
Batting: RHB Joe Rodgers 0-0: Ball
1-0: Ball
2-0: Foul Ball, location: 2F
2-1: Swinging Strike
2-2: Foul Ball, location: 2F
2-2: Ball
3-2: Strikes out swinging
Batting: RHB Nelson Ross 0-0: Ball
1-0: Ground out 6-3 (Groundball, 6MD)
Bottom of the 5th over - 0 runs, 0 hits, 0 errors, 0 left on base; Alameda 3 - Grim 8
TOP OF THE 6TH
Alameda Airmen batting - Pitching for Grim Reapers : LHP Allen Werner
Batting: RHB Marcos Avilés 0-0: Swinging Strike
0-1: Reached on error, E6 (Line Drive, 6)
Batting: RHB Gang Jing 0-0: Called Strike
0-1: Called Strike
0-2: Ball
1-2: Ball
2-2: Fly out, F9 (Line Drive, 89M)
Batting: LHB Héctor Velázquez 0-0: Called Strike
0-1: Ball
1-1: Called Strike
1-2: DOUBLE (Line Drive, 8LD)
Marcos Avilés to third
Runner from 3rd tries for Home, SAFE, no throw
Batting: SHB Cecil Nelson 0-0: Ball
1-0: Foul Ball, location: 2F
1-1: Ground out 6-3 (Groundball, 6)
Héctor Velázquez to third
Batting: RHB Reynaldo Torres 0-0: Called Strike
0-1: Fly out, F2 (Popup, 3SF)
Top of the 6th over - 1 run, 1 hit, 1 error, 1 left on base; Alameda 4 - Grim 8
BOTTOM OF THE 6TH
Grim Reapers batting - Pitching for Alameda Airmen : LHP Jorge González
Batting: RHB Brandon Palmer 0-0: Called Strike
0-1: Ball
1-1: Foul Ball, location: 2F
1-2: Foul Ball, location: 2F
1-2: Fly out, F7 (Flyball, 7)
Batting: RHB Bearooz Yacoobi 0-0: Ball
1-0: Reached on error, E5 (Groundball, 5)
Batting: LHB Semo Hoaloha 0-0: Called Strike
0-1: Ball
1-1: Foul Ball, location: 2F
1-2: SINGLE (Flyball, 5D)
Bearooz Yacoobi to third
Batting: RHB Scott Pearson 0-0: Fly out, F7 (Line Drive, 7LM)
Runner from 3rd tags up, SCORES, no throw
Batting: RHB Marvin Strickland 0-0: Called Strike
0-1: Fly out, F3 (Popup, 3L)
Bottom of the 6th over - 1 run, 1 hit, 1 error, 1 left on base; Alameda 4 - Grim 9
TOP OF THE 7TH
Alameda Airmen batting - Pitching for Grim Reapers : LHP Allen Werner
Batting: RHB Jim McMahon 0-0: Foul Ball, location: 2F
0-1: Swinging Strike
0-2: Ball
1-2: Foul Ball, location: 2F
1-2: Strikes out swinging
Batting: SHB Zack Murphy 0-0: Ball
1-0: DOUBLE (Groundball, 3L)
Pitching: RHP Héctor Marroquín
Batting: RHB Pablo Pagán 0-0: Ball
1-0: Swinging Strike
1-1: Called Strike
1-2: Strikes out looking
Batting: RHB Bob Smelcer 0-0: Ball
1-0: Called Strike
1-1: Foul Ball, location: 2F
1-2: Ball
2-2: Fly out, F7 (Line Drive, 78D)
Top of the 7th over - 0 runs, 1 hit, 0 errors, 1 left on base; Alameda 4 - Grim 9
BOTTOM OF THE 7TH
Grim Reapers batting - Pitching for Alameda Airmen : LHP Jorge González
Batting: RHB Jaxton Goleta 0-0: Foul Ball, location: 2F
0-1: Called Strike
0-2: Ball
1-2: Fly out, F6 (Flyball, 6D)
Batting: RHB Chi-eun Mun 0-0: Called Strike
0-1: Ball
1-1: Foul Ball, location: 2F
1-2: Strikes out swinging
Batting: RHB Joe Rodgers 0-0: Ball
1-0: Ball
2-0: Ball
3-0: Called Strike
3-1: Called Strike
3-2: Foul Ball, location: 2F
3-2: Strikes out swinging
Bottom of the 7th over - 0 runs, 0 hits, 0 errors, 0 left on base; Alameda 4 - Grim 9
TOP OF THE 8TH
Alameda Airmen batting - Pitching for Grim Reapers : RHP Héctor Marroquín
Now at SS: Guo-liang Ye
Batting: RHB Marcos Avilés 0-0: Called Strike
0-1: Ball
1-1: Fly out, F9 (Line Drive, 9D)
Batting: RHB Gang Jing 0-0: Called Strike
0-1: Fly out, F8 (Flyball, 8LD)
Batting: LHB Héctor Velázquez 0-0: Called Strike
0-1: Ball
1-1: Ball
2-1: Foul Ball, location: 2F
2-2: Ground out 4-3 (Groundball, 4)
Top of the 8th over - 0 runs, 0 hits, 0 errors, 0 left on base; Alameda 4 - Grim 9
BOTTOM OF THE 8TH
Grim Reapers batting - Pitching for Alameda Airmen : LHP Jorge González
Batting: RHB Nelson Ross 0-0: Called Strike
0-1: Ground out 5-3 (Groundball, 56)
Batting: RHB Brandon Palmer 0-0: Foul Ball, location: 2F
0-1: Ball
1-1: Called Strike
1-2: Strikes out swinging
Batting: RHB Bearooz Yacoobi 0-0: Ball
1-0: Ball
2-0: Foul Ball, location: 2F
2-1: Ball
3-1: Fly out, F9 (Flyball, 89M)
Bottom of the 8th over - 0 runs, 0 hits, 0 errors, 0 left on base; Alameda 4 - Grim 9
TOP OF THE 9TH
Alameda Airmen batting - Pitching for Grim Reapers : RHP Héctor Marroquín
Now at C: Nobuhisa Kuwabara
Batting: SHB Cecil Nelson 0-0: Fly out, F9 (Flyball, 89S)
Batting: RHB Reynaldo Torres 0-0: Ball
1-0: Ground out 1-3 (Groundball, 13)
Batting: RHB Jim McMahon 0-0: Called Strike
0-1: Foul Ball, location: 2F
0-2: Ball
1-2: Strikes out looking
Top of the 9th over - 0 runs, 0 hits, 0 errors, 0 left on base; Alameda 4 - Grim 9
Friday, March 29th, 2019 - OOTP Baseball 18.8 Build 76